 Dungeon Crawl Stone Soup version 0.29-a0-563-g64e4043184 (webtiles) character file.

Game seed: 16998656590879179291

523708 spaghetti the Conqueror (level 24, -2/211 (227) HPs)
             Began as a Demonspawn Berserker on June 10, 2022.
             Was a High Priest of Trog.
             Slain by a frost giant
             ... wielding a +2 battleaxe of freezing
              (14 damage)
             ... on level 3 of the Realm of Zot on June 12, 2022.
             The game lasted 02:06:41 (76987 turns).

spaghetti the Conqueror (Demonspawn Berserker)     Turns: 76987, Time: 02:06:42

HP:   -2/211 (227)  AC: 59    Str: 29    XL:     24   Next: 19%
MP:   20/23         EV: 14    Int: 11    God:    Trog [*****.]
Gold: 4474          SH: 15    Dex: 17    Spells: 23/23 levels left

rFire   + + .      SeeInvis .   a - +9 eveningstar (vorpal) {macerare=g}
rCold   + . .      Faith    .   j - +2 kite shield {rN+}
rNeg    + + .      Spirit   .   n - +8 gold dragon scales {rare}
rPois   +          Reflect  .   k - +2 hat of Greater Demons {Dex+6}
rElec   +          Harm     .   y - +1 cloak {rCorr}
rCorr   +          Rampage  .   R - +1 pair of gloves
Will    +++..                   (boots unavailable)
Stlth   ..........              Q - amulet of Tempters {RegenMP rPois rN+ Str+2}
HPRegen 1.45/turn               M - ring of the Tortoise {AC+8}
MPRegen 0.58/turn               v - +4 ring of slaying

@: strong-willed, sanguine armoured, on berserk cooldown, on word of chaos
cooldown, regenerating, slowed, studying Polearms, drained, very slow
A: hooves 3, demonic guardian 3, ignite blood 2, sanguine armour 3, corrupting
presence 2, word of chaos, clumsy 1, fire resistance 1, electricity resistance
}: 3/15 runes: barnacled, silver, gossamer
a: Word of Chaos, Renounce Religion, Berserk, Trog's Hand, Brothers in Arms


You were on level 3 of the Realm of Zot.
You worshipped Trog.
Trog was extremely pleased with you.
You visited 7 branches of the dungeon, and saw 41 of its levels.
You also visited: Bailey.

You collected 5514 gold pieces.
You spent 1040 gold pieces at shops.


Innate Abilities, Weirdness & Mutations

You have hooves in place of feet.
A powerful demonic guardian rushes to your aid.
Your demonic aura often causes spilled blood to erupt in flames.
When seriously injured, your blood forms very thick armour. (AC +12)
Your presence sometimes corrodes or deforms those you injure.
You can speak a Word of Chaos.
You are clumsy. (Dex -2)
Your flesh is heat resistant. (rF+)
You are resistant to electric shocks. (rElec)


   Skills:
 O Level 27 Fighting
 - Level 2.6(10.7) Axes
 - Level 15.8(16.0) Maces & Flails
 + Level 20.6 Armour
 - Level 18.0 Dodging
 - Level 13.9 Shields


You had 23 spell levels left.
You didn't know any spells.
Your spell library contained the following spells:

 Spells                   Type           Power      Damage    Failure   Level
 Apportation              Tloc           0%         N/A       100%        1
 Magic Dart               Conj           0%         1d3       100%        1
 Necrotize                Necr           0%         1d4       100%        1
 Shock                    Conj/Air       0%         1d3       100%        1
 Sting                    Tmut/Pois      0%         1d3       100%        1
 Summon Small Mammal      Summ           0%         N/A       100%        1
 Blink                    Tloc           0%         N/A       100%        2
 Ensorcelled Hibernation  Hex/Ice        0%         N/A       100%        2
 Poisonous Vapours        Pois/Air       0%         N/A       100%        2
 Searing Ray              Conj           0%         2d4       100%        2
 Static Discharge         Conj/Air       0%         N/A       100%        2
 Sublimation of Blood     Necr           0%         N/A       100%        2
 Wereblood                Tmut           0%         N/A       100%        2
 Call Canine Familiar     Summ           0%         N/A       100%        3
 Conjure Flame            Conj/Fire      0%         6-21      100%        3
 Gell's Gravitas          Tloc           0%         N/A       100%        3
 Ignite Poison            Fire/Tmut/Pois 0%         N/A       100%        3
 Inner Flame              Hex/Fire       0%         N/A       100%        3
 Lesser Beckoning         Tloc           0%         N/A       100%        3
 Ozocubu's Armour         Ice            0%         N/A       100%        3
 Spider Form              Tmut/Pois      0%         N/A       100%        3
 Swiftness                Air            0%         N/A       100%        3
 Teleport Other           Tloc           0%         N/A       100%        3
 Vampiric Draining        Necr           0%         2d6       100%        3
 Airstrike                Air            0%         N/A       100%        4
 Anguish                  Hex/Necr       0%         N/A       100%        4
 Cause Fear               Hex            0%         N/A       100%        4
 Corpse Rot               Necr/Pois/Air  0%         N/A       100%        4
 Dispel Undead            Necr           0%         3d6       100%        4
 Fulminant Prism          Conj/Hex       0%         3d6       100%        4
 Hailstorm                Conj/Ice       0%         3d3       100%        4
 Ice Form                 Ice/Tmut       0%         N/A       100%        4
 Leda's Liquefaction      Hex/Erth       0%         N/A       100%        4
 Petrify                  Tmut/Erth      0%         N/A       100%        4
 Sticky Flame             Conj/Fire      0%         2d3       100%        4
 Summon Lightning Spire   Summ/Air       0%         N/A       100%        4
 Agony                    Necr           0%         N/A       100%        5
 Fireball                 Conj/Fire      0%         3d3       100%        5
 Freezing Cloud           Conj/Ice/Air   0%         6-21      100%        5
 Irradiate                Conj/Tmut      0%         3d13      100%        5
 Iskenderun's Battlesphe  Conj           0%         2d6       100%        5
 Lee's Rapid Deconstruct  Erth           0%         3d5*      100%        5
 Lightning Bolt           Conj/Air       0%         1d11      100%        5
 Manifold Assault         Tloc           0%         N/A       100%        5
 Metabolic Englaciation   Hex/Ice        0%         N/A       100%        5
 Summon Forest            Summ/Tloc      0%         N/A       100%        5
 Conjure Ball Lightning   Conj/Air       0%         3x3d6     100%        6
 Death Channel            Necr           0%         N/A       100%        6
 Dispersal                Tloc           0%         N/A       100%        6
 Eringya's Noxious Bog    Tmut/Pois      0%         N/A       100%        6
 Simulacrum               Ice/Necr       0%         N/A       100%        6
 Starburst                Conj/Fire      0%         6d3       100%        6
 Statue Form              Tmut/Erth      0%         N/A       100%        6
 Dragon Form              Tmut           0%         N/A       100%        7
 Malign Gateway           Summ/Tloc      0%         N/A       100%        7
 Orb of Destruction       Conj           0%         9d5       100%        7
 Storm Form               Tmut/Air       0%         N/A       100%        7
 Summon Hydra             Summ           0%         N/A       100%        7
 Discord                  Hex            0%         N/A       100%        8
 Disjunction              Tloc           0%         N/A       100%        8
 Ignition                 Fire           0%         3d3       100%        8
 Summon Horrible Things   Summ           0%         N/A       100%        8
 Chain Lightning          Conj/Air       0%         N/A       100%        9
 Dragon's Call            Summ           0%         N/A       100%        9
 Fire Storm               Conj/Fire      0%         5d1       100%        9
 Shatter                  Erth           0%         3d5*      100%        9

Inventory:

Hand Weapons
 a - a +9 vorpal eveningstar (weapon) {macerare=g}
   (Trog gifted it to you on level 4 of the Depths)
 b - a +5 demon whip of venom {mace}
   (You took it off Amaemon on level 3 of the Lair of Beasts)
 G - the +5 hand crossbow of Rudihosi {elec, rElec, crossbow}
   (You found it in a bailey)

   Any ammunition fired from it occasionally discharges a powerful burst of
   electricity upon striking a foe.
   rElec:     It insulates you from electricity.
Missiles
 g - 2 throwing nets {=f!fthrowing}
 p - 19 curare-tipped darts {=fthrowing}
 q - 37 boomerangs (quivered) {throwing}
 t - 5 silver javelins {throwing}
 F - 6 silver boomerangs {throwing}
 P - a javelin {throwing}
 U - 13 atropa-tipped darts {throwing}
Armour
 j - a +2 kite shield of positive energy (worn)
   (You took it off a tengu warrior on level 13 of the Dungeon)
 k - the +2 hat of Greater Demons (worn) {Dex+6}
   (You found it on level 4 of the Spider Nest)

   Dex:       It affects your dexterity (+6).
 n - +8 gold dragon scales (worn) {rare}
   (You bought it in a shop on level 8 of the Dungeon)
 y - a +1 cloak of preservation (worn)
   (You found it on level 2 of the Shoals)
 R - a +1 pair of gloves (worn)
   (You found it on level 2 of the Depths)
Jewellery
 r - a +4 ring of protection
   (You found it on level 5 of the Vaults)
 v - a +4 ring of slaying (right hand)
   (You found it on level 6 of the Dungeon)
 w - a ring of protection from fire
   (You found it on level 5 of the Dungeon)
 M - the ring of the Tortoise (left hand) {AC+8}
   (You found it on level 1 of the Depths)

   [ring of protection]

   AC:        It affects your AC (+8).
 O - a ring of flight
   (You found it on level 5 of the Vaults)
 Q - the amulet of Tempters (around neck) {RegenMP rPois rN+ Str+2}
   (You found it on level 3 of the Realm of Zot)

   [amulet of magic regeneration]

   It increases your rate of magic regeneration.
   Str:       It affects your strength (+2).
   rPois:     It protects you from poison.
   rN:        It protects you from negative energy.
 W - a ring of poison resistance
   (You found it on level 1 of the Lair of Beasts)
 X - an amulet of reflection
   (You found it on level 2 of the Lair of Beasts)
 Z - a ring of fire
   (You took it off a tengu reaver on level 5 of the Vaults)
Wands
 e - a wand of digging (12)
   (You found it on level 2 of the Spider Nest)
 l - a wand of charming (28)
   (You found it on level 2 of the Dungeon)
 D - a wand of flame (47)
   (You found it on level 6 of the Dungeon)
 E - a wand of iceblast (46)
   (You found it on level 7 of the Dungeon)
 N - a wand of acid (14)
   (You found it on level 8 of the Dungeon)
 T - a wand of mindburst (11)
   (You found it on level 1 of the Spider Nest)
Scrolls
 c - 3 scrolls of blinking {!r}
 d - 10 scrolls of vulnerability {!r!r}
 f - 9 scrolls of immolation {!r!r}
 h - 18 scrolls of teleportation {@r4}
 i - 7 scrolls of silence {!r}
 u - 2 scrolls of fear
 x - 11 scrolls of poison {!r}
 B - a scroll of fog
 I - 8 scrolls of identify {@r1}
 L - 5 scrolls of magic mapping {!r}
Potions
 m - 2 potions of invisibility
 o - a potion of ambrosia
 s - 12 potions of curing {@q1}
 z - 13 potions of might
 A - 9 potions of haste {@q3}
 H - 6 potions of magic
 J - 10 potions of flight
 K - 8 potions of lignification {!q}
 S - 2 potions of berserk rage {!q}
 V - 5 potions of resistance
 Y - 7 potions of heal wounds {@q2}
Miscellaneous
 C - a phantom mirror
   (You found it on level 5 of the Vaults)

Dungeon Overview and Level Annotations

Branches:
Dungeon (15/15)            Temple (0/1) D:4            Lair (6/6) D:8
 Shoals (4/4) Lair:4       Spider (4/4) Lair:3        Slime (0/5) Lair:6
    Orc (0/2) D:11         Vaults (5/5) D:13          Crypt (0/3) Vaults:2
 Depths (4/4) D:15            Zot (3/5) Depths:4     Bailey (visited)

Altars:
Ashenzari
Nemelex Xobeh
Okawaru

Shops:
D:4 :   D:6 !   D:8 [   Shoals:2 *   Depths:1 :   Depths:2 (   Depths:4 (:

Portals:
Hell: Depths:1 Depths:2 Depths:3 Depths:4
Abyss: Depths:3
Pandemonium: Depths:2
Ziggurat: Depths:4

Annotations:
D:7 2 transporters, rabbitsville's ghost, novice HuCj
Lair:5 2 transporters, Tynuabry's ghost, journeyman DECj
Shoals:2 1 exclusion
Shoals:4 1 exclusion
Spider:3 3 runed translucent doors, Phlounder's ghost, adept DjCj
Vaults:5 2 exclusions
Depths:3 1 exclusion

#.#.#.# #.
#.....# C#
.###.## #.
#.$...# ##
### #.....#
#.....#
#8...8#
#.....#
#.○(..#
#)TCT.#
#))@1.#
#8yCO8#
#.)C))#
#..'.)C..'..#
#..'.T...'..#
#..#...O.#..#
#####'''#####
#. ..... .# #
...⌠.. .#


You could see a titan, a frost giant (slow, misshapen, ally target), an iron
troll (berserk, corroded, ally target), 2 ettins, 2 two-headed ogres, a moth of
wrath, a troll (slow), a friendly Hell Sentinel (summoned) and a friendly iron
troll (summoned, berserk).


Message History

Your Executioner dies!
Your Executioner disappears in a puff of smoke!
Things that are here:
a +2 great sword of flaming {long}; a +0 troll leather armour; a deep troll corpse Unknown command.
Unknown command.
Okay, then.
You feel a strong urge to attack something.
You are no longer berserk.
You are exhausted.
You feel yourself slow down.
Your Hell Sentinel hits the deep troll!!
Your Hell Sentinel hits the deep troll!
Items here: )) ††. 😱 HP[-13]
You now have 227 max hp (-113).
Unknown command.
Unknown command.
Unknown command.
Your skin crawls.
You feel strong-willed.
A moth of wrath comes into view.
The two-headed ogre hits your Hell Sentinel with a +0 giant club!!
The two-headed ogre hits your Hell Sentinel with a +0 giant club!
The deep troll is engulfed in blazing flames.
The frost giant casts a spell at you.
You hear a sizzling sound!
Your Hell Sentinel gestures at the deep troll.
The iron shot misses the deep troll.
The iron troll is engulfed in blazing flames.
Your corrupting presence corrodes the iron troll! 😱 HP[+3]
You regained 3 hp, and now have 29/227 hp.
Unknown command.
Unknown command.
Unknown command.
Activating: Word of Chaos (8% risk of failure)
Press: ? - help, Dir - look around, f - activate You speak a word of chaos!
The deep troll blinks!
The moth of wrath blinks!
The moth of wrath seems to slow down.
The ettin blinks!
The moth of wrath blinks!
The iron troll blinks!
The frost giant blinks!
A web harmlessly splats on the frost giant.
The frost giant seems to slow down.
The troll blinks!
The troll seems to slow down.
The two-headed ogre blinks!
The two-headed ogre seems to slow down.
You feel drained.
The deep troll is engulfed in blazing flames.
Your Hell Sentinel hits the deep troll!!
The deep troll dies!
Trog accepts your kill.
The frost giant points at you and mumbles some strange words.
The bolt of cold hits you but does no damage.
The moth of wrath is engulfed in blazing flames. x2
The moth of wrath bites you but does no damage. 😱 HP[+2] MP[-6]
You now have 211 max hp (-16).
You regained 2 hp, and now have 31/211 hp.
You lost 6 mp, and now have 17/23 mp.
Unknown command.
Unknown command.
Unknown command.
Unknown command.
Unknown command.
Okay, then.
Your iron troll goes berserk!
Your Hell Sentinel hits the moth of wrath!!
Your Hell Sentinel hits the moth of wrath.
The moth of wrath bites your Hell Sentinel but does no damage.
The moth of wrath goads the ettin on!
The ettin goes berserk!
You block the frost giant's attack. 😱 HP[+2] MP[+1]
You regained 2 hp, and now have 33/211 hp.
Unknown command.
Unknown command.
Unknown command.
Unknown command.
You crush the moth of wrath like a grape!!!
You kill the moth of wrath!
Trog accepts your kill. The ettin hits you but does no damage.
The ettin closely misses you.
The iron troll bites you but does no damage.
You block the iron troll's attack. The iron troll barely misses you.
Your Hell Sentinel hits the frost giant!!
Your Hell Sentinel hits the frost giant! 😱 HP[+2] MP[+1]
You regained 2 hp, and now have 35/211 hp.
You hit the frost giant.
You kick the frost giant, but do no damage.
You block the ettin's attack. x2
The moth of wrath bites you but does no damage.
The iron troll is engulfed in blazing flames.
The iron troll bites you!
* * * LOW HITPOINT WARNING * * *
You block the iron troll's attack. The iron troll claws you!
* * * LOW HITPOINT WARNING * * *
The frost giant is engulfed in blazing flames.
The frost giant twists and deforms.
The frost giant hits you with a +2 battleaxe of freezing!
You die...

Skill      XL: |  1  2  3  4  5  6  7  8  9 10 11 12 13 14 15 16 17 18 19 20 21 22 23 24 |
---------------+-------------------------------------------------------------------------+-----
Fighting       | 4 5 6 8 9 12 14 16 18 20 21 24 25 27 | 27.0
Armour         | 9 14 15 17 18 19 20 | 20.6
Maces & Flails | 7 11 13 15 | 15.8
Shields        | 7 11 13 | 13.9
Dodging        | 6 13 15 17 18 | 18.0
Axes           | |  2.6

Action                   |  1- 3 |  4- 6 |  7- 9 | 10-12 | 13-15 | 16-18 | 19-21 | 22-24 || total
-------------------------+-------+-------+-------+-------+-------+-------+-------+-------++-------
Melee: Hand axe          |    99 |   160 |   159 |       |       |       |       |       ||   418
       Kick              |     5 |    44 |    68 |   157 |   341 |   636 |   602 |   479 ||  2332
       Punch             |     1 |     1 |     3 |     7 |     3 |       |       |       ||    15
       Whip              |       |       |    20 |   433 |    67 |       |       |       ||   520
       Demon whip        |       |       |       |       |   722 |  1434 |   247 |       ||  2403
       Eveningstar       |       |       |       |       |       |       |   812 |   881 ||  1693
 Fire: Hand crossbow     |       |       |       |    66 |   184 |       |       |       ||   250
Throw: Stone             |       |       |       |     2 |     1 |       |       |       ||     3
       Dart              |       |       |       |       |       |     2 |       |       ||     2
       Boomerang         |       |       |       |       |       |     8 |     7 |     1 ||    16
Invok: Berserk           |     1 |     3 |    10 |    20 |    22 |    15 |    15 |     3 ||    89
       Trog's Hand       |       |       |     2 |     6 |    12 |    11 |     4 |     3 ||    38
       Brothers in Arms  |       |       |       |     1 |     5 |     4 |    10 |     5 ||    25
 Abil: Word of Chaos     |       |       |       |       |       |       |       |     1 ||     1
Evoke: Wand              |       |     3 |     1 |     2 |       |     1 |       |       ||     7
  Use: Scroll            |       |     6 |     8 |    10 |    13 |     8 |     8 |     2 ||    55
       Potion            |       |       |     3 |     3 |     5 |     6 |     3 |       ||    20
 Stab: Sleeping          |     2 |     1 |       |       |       |       |       |       ||     3
       Distracted        |       |       |       |     1 |     1 |       |     4 |     3 ||     9
       Confused          |       |       |       |       |       |       |     1 |       ||     1
Armor: Animal skin       |    22 |    35 |    17 |       |       |       |       |       ||    74
       Ring mail         |       |       |    88 |   244 |   268 |       |       |       ||   600
       Gold dragon scale |       |       |       |       |   111 |   824 |   709 |   567 ||  2211
Dodge: Dodged            |    74 |    97 |   164 |   301 |   333 |   290 |   386 |   323 ||  1968
Block: Buckler           |       |       |       |       |    13 |       |       |       ||    13
       Kite shield       |       |       |       |       |   185 |  1360 |  1071 |   817 ||  3433
       Reflection        |       |       |       |       |    20 |   104 |    58 |    11 ||   193

Levels and vault maps discovered:
D:1:      onia_arrival_handbag, layout_loops_ring,
          dreamdust_ecumenical_altar_drowned_temple
D:2:      layout_basic, uniq_jessica, uniq_robin
D:3:      wander_river, layout_basic, serial_curves, eino_curves_01,
          eino_curves_04, eino_curves_04
D:4:      layout_loops_ring, minmay_temple_entry_from_below_a, serial_shops,
          nicolae_take_the_stairs, uniq_pargi
D:5:      layout_cave_pools
D:6:      layout_rooms, serial_shops, nicolae_stop_n_shop_1
D:7:      layout_loops_ring, nemelex_diamond_rough_becter,
          gammafunk_ghost_stat_death, uniq_pikel, uniq_duvessa
D:8:      layout_rooms, david_lair_generic, nicolae_shop_dragon_depot,
          minmay_misc_feat_hallway, uniq_joseph
D:9:      layout_roguey, uniq_erolcha
D:10:     layout_long_grid, enter_bailey_3, uniq_josephine
D:11:     layout_loops_cross, minmay_orc_entry_guard_dogs,
          portal_ice_cave_demonic_guard, grunt_ministairs_12, nrook_mini_vaults,
          minmay_misc_feat_more_columns, grunt_potential
D:12:     erik_rubicon_a, layout_basic, minmay_fractal_squares_5, uniq_psyche,
          uniq_snorg, uniq_azrael
D:13:     layout_basic, erik_vaults_2
D:14:     layout_basic, serial_park_square2
D:15:     hangedman_depths_entry_try_elsewhere_first, layout_stronghold
Lair:1:   layout_cave_pods, infiniplex_staircase_pool_2, grunt_megastairs_1,
          serial_bayou_shore_a, serial_bayou_shore_b, uniq_prince_ribbit2
Lair:2:   layout_layer_cave, grunt_megastairs_5
Lair:3:   beast_lair_carwin_large_1, layout_long_grid, spider_nest_entry_a,
          uniq_sonja, uniq_amaemon
Lair:4:   nzn_winding_woodlands_huge [nzn_winding_woodlands_5x15_lazy_stream,
          nzn_winding_woodlands_5x15_river_crossing,
          nzn_winding_woodlands_5x15_eye, nzn_winding_woodlands_5x15_crooked,
          nzn_winding_woodlands_5x15_sawtooth, nzn_winding_woodlands_5x15_twine,
          nzn_winding_woodlands_5x15_pool, nzn_winding_woodlands_5x15_garden,
          nzn_winding_woodlands_5x15_zeroes, nzn_winding_woodlands_5x15_cabin,
          nzn_winding_woodlands_center_diamonds,
          nzn_winding_woodlands_center_lodge,
          nzn_winding_woodlands_15x15_killbox], layout_layer_cave,
          elwin_shoals_entry_rooms
Lair:5:   minmay_lair_venomous_thicket, layout_misc_corridors,
          gammafunk_ghost_arena, forest_entry_grove
Lair:6:   minmay_lair_end_frog_pond, layout_layer_cave,
          nicolae_slime_entry_slimehenge
Shoals:1: layout_shoals, uniq_frances
Shoals:2: dreamdust_from_the_deep, layout_shoals, minmay_shop_mass
Shoals:3: layout_shoals
Shoals:4: shoals_end_grunt_garden, layout_shoals, nicolae_shoals_kraken_party
Spider:1: layout_spider_delve, uniq_donald
Spider:2: layout_spider_delve
Spider:3: layout_chambers, gammafunk_ghost_split, guppyfry_hornet_nest,
          uniq_mlioglotl, uniq_arachne, uniq_aizul, uniq_nikola
Spider:4: grunt_spider_rune_circles, guppyfry_spider_mini_3
Vaults:1: serial_ice_g, v_misc_11, ontoclasm_vaults_ring_small,
          ontoclasm_vaults_spin, v_misc_17, vaults_room_hallway, v_misc_8,
          vaults_room_fours, v_misc_4, vaults_dpeg_diagonal,
          layout_vaults_big_room
Vaults:2: hangedman_vaults_restitches, v_rooms_3, vaults_room_hallway,
          minmay_crypt_entry_nasty_monster, vaults_room_grid,
          nicolae_vaults_little_ls, nicolae_vaults_network_quinsquares
          [nicolae_vaults_network_quincunx_subvault,
          nicolae_vaults_network_quincunx_subvault,
          nicolae_vaults_network_quincunx_subvault,
          nicolae_vaults_network_quincunx_subvault],
          nicolae_vaults_statue_guard, vaults_dpeg_hooks, layout_vaults_ring
Vaults:3: infiniplex_enter_wizlab_water, v_pattern_3, hangedman_vaults_slice,
          v_alt_pattern_2, not_door_vault_due, hangedman_vaults_slice,
          vaults_standard_mumra_lines, nicolae_vaults_ring_of_whatevers,
          vaults_dpeg_ring, v_misc_13, v_misc_3, layout_vaults_omnibox
Vaults:4: hangedman_vaults_corner, ontoclasm_vaults_hangar,
          vaults_room_stairs_pillars, st_lines, ontoclasm_vaults_ring_square,
          v_misc_32, hangedman_vaults_nodes, nicolae_vaults_triangles, v_misc_4,
          hangedman_vaults_restitches, layout_vaults_maze_bifur, uniq_boris,
          uniq_bai_suzhen, uniq_zenata
Vaults:5: serial_shops
Depths:1: layout_cave_pools, hell_entry, kennysheep_okawaru_gauntlet,
          minmay_shop_star
Depths:2: cross_vault, layout_cave_shapes, pan_entry, serial_shops,
          nicolae_shop_bloodbath_and_beyond, kennysheep_nondescript,
          grunt_hell_horde, uniq_josephina
Depths:3: cheibrodos_salmonella, layout_gridville, grunt_hell_entry_dis_old,
          minmay_crystal_room, abyss_entry_small_statue_room,
          minmay_staircase_statues_hall_small, uniq_frederick, uniq_xtahua
Depths:4: grunt_zot_entry_bicorn, layout_gridlike, ziggurat_fallback,
          hell_entry, cheibrodos_ashenzari_chains, minmay_shoptagon,
          uniq_saint_roka, uniq_jory
Zot:1:    minmay_elemental_castle, layout_twisted_circle, st_stairs_9
Zot:2:    layout_misc_corridors
Zot:3:    lemuel_halls_of_wrath, layout_concentric_octagons,
          grunt_ministairs_10, st_stairs_1, lemuel_baited_zot_trap,
          st_small_dragon_hoard_3, bh_zot_levy_curve, st_large_dragon_hoard_2

Notes
Turn   | Place    | Note
-------+----------+-------------------------------------------
     0 | D:1      | spaghetti the Demonspawn Berserker began the quest for the
                  | Orb.
     0 | D:1      | Reached XP level 1. HP: 18/18 MP: 1/1
     0 | D:1      | magus.rc [v1.9.6]
   222 | D:1      | Gained mutation: When seriously injured, your blood forms
                  | armour. (AC +12) [demonic ancestry]
   222 | D:1      | Reached XP level 2. HP: 20/24 MP: 2/2
   562 | D:1      | Reached skill level 4 in Fighting
   678 | D:1      | Found a faded altar of an unknown god.
   949 | D:1      | Reached ** piety under Trog
   991 | D:1      | Gained mutation: You have large cloven feet. [demonic
                  | ancestry]
   991 | D:1      | Reached XP level 3. HP: 30/30 MP: 3/3
  1753 | D:2      | Gained mutation: Your demonic aura sometimes causes spilled
                  | blood to erupt in flames. [demonic ancestry]
  1753 | D:2      | Reached XP level 4. HP: 38/38 MP: 4/4
  1865 | D:2      | Reached skill level 5 in Fighting
  2425 | D:2      | Noticed Robin
  2430 | D:2      | Killed Robin
  2547 | D:2      | Reached XP level 5. HP: 36/46 MP: 5/5
  2616 | D:2      | Noticed Jessica
  2639 | D:2      | Killed Jessica
  2640 | D:2      | Reached skill level 6 in Fighting
  3351 | D:3      | You add the spells Conjure Flame, Ignite Poison and Sticky
                  | Flame to your library.
  4025 | D:4      | Reached *** piety under Trog
  4034 | D:4      | Noticed an orc warrior
  4050 | D:4      | HP: 9/70 [orc warrior/+0 hand axe (10)]
  4057 | D:4      | Reached XP level 6. HP: 7/53 MP: 6/6
  4356 | D:4      | Reached skill level 7 in Fighting
  4493 | D:4      | Noticed Pargi
  4505 | D:4      | Killed Pargi
  4600 | D:4      | Found a staircase to the Ecumenical Temple.
  4702 | D:4      | Reached skill level 8 in Fighting
  4967 | D:4      | Gained mutation: You have hoof-like feet. [demonic
                  | ancestry]
  4967 | D:4      | Reached XP level 7. HP: 59/62 MP: 7/7
  5037 | D:4      | Found Iprirude's Book Shop.
  5353 | D:5      | Entered Level 5 of the Dungeon
  5585 | D:5      | Reached skill level 9 in Fighting
  5594 | D:5      | HP: 14/64 [orc warrior/+0 scimitar (16)]
  5595 | D:5      | HP: 6/64 [orc warrior/+0 scimitar (7)]
  5610 | D:6      | Found Qeqagoef's Distillery.
  5872 | D:6      | Identified the +2 scale mail of the Eternal Fruit {rElec}
  5877 | D:6      | Identified the +1 ring mail "Yxkicuf" {MP+9 Str+2 Slay+2}
  6035 | D:6      | Noticed a yak
  6036 | D:6      | Noticed a yak
  6036 | D:6      | Noticed a yak
  6037 | D:6      | Noticed a yak
  6038 | D:6      | Noticed a yak
  6041 | D:6      | Killed a yak
  6042 | D:6      | Reached XP level 8. HP: 72/72 MP: 8/8
  6045 | D:6      | Reached skill level 10 in Fighting
  6051 | D:6      | Reached skill level 11 in Fighting
  6072 | D:6      | HP: 18/76 [ice beast (12)]
  6389 | D:6      | You add the spells Gell's Gravitas, Teleport Other and
                  | Dispersal to your library.
  6432 | D:5      | Reached skill level 12 in Fighting
  6433 | D:5      | Gained mutation: You have hooves in place of feet. [demonic
                  | ancestry]
  6433 | D:5      | Reached XP level 9. HP: 82/82 MP: 9/9
  7499 | D:7      | Found a sparkling altar of Nemelex Xobeh.
  7747 | D:7      | Noticed Dowan
  7752 | D:7      | Killed Dowan
  7753 | D:7      | Reached skill level 13 in Fighting
  7782 | D:7      | Noticed Duvessa
  7791 | D:7      | HP: 17/85 [Duvessa/+0 short sword (11)]
  7791 | D:7      | HP: 8/85 [Duvessa/+0 short sword (9)]
  7793 | D:7      | Killed Duvessa
  7796 | D:7      | HP: 13/127 [ufetubus (1)]
  8115 | D:7      | Found a transporter.
  8119 | D:7      | Noticed rabbitsville's ghost (novice HuCj)
  8121 | D:7      | Noticed Pikel
  8134 | D:7      | Killed Pikel
  8299 | D:7      | Found a transporter.
  8389 | D:7      | Reached skill level 14 in Fighting
  8818 | D:8      | Noticed an elephant
  8818 | D:8      | Found a staircase to the Lair.
  8834 | D:8      | Killed an elephant
  8835 | D:8      | Reached XP level 10. HP: 95/95 MP: 10/10
  9193 | D:8      | Reached skill level 15 in Fighting
  9800 | D:8      | Noticed Joseph
  9813 | D:8      | Killed Joseph
 10234 | D:8      | Found George's Dragon-Slaying Spoils.
 10564 | D:9      | Reached skill level 16 in Fighting
 10587 | D:9      | Reached **** piety under Trog
 10881 | D:9      | Noticed a two-headed ogre
 10890 | D:9      | Killed a two-headed ogre
 11111 | D:9      | You pick up a book of the Earth {forbidden} and begin
                  | reading...
 11111 | D:9      | You add the spells Leda's Liquefaction, Lee's Rapid
                  | Deconstruction and Statue Form to your library.
 11306 | D:9      | Noticed Erolcha
 11316 | D:9      | Killed Erolcha
 11317 | D:9      | Gained mutation: A weak demonic guardian rushes to your
                  | aid. [demonic ancestry]
 11317 | D:9      | Reached XP level 11. HP: 106/106 MP: 11/11
 11488 | D:10     | Entered Level 10 of the Dungeon
 11595 | D:10     | Found a flagged portal.
 11609 | Bailey   | Entered a bailey
 11655 | Bailey   | Reached skill level 17 in Fighting
 11944 | Bailey   | Noticed an orc knight
 11948 | Bailey   | Noticed an orc knight
 11952 | Bailey   | Killed an orc knight
 11961 | Bailey   | HP: 31/160 [orc knight/+0 war axe (25)]
 11963 | Bailey   | Killed an orc knight
 12579 | Bailey   | Found an iron altar of Okawaru.
 12579 | Bailey   | Noticed an orc sorcerer
 12579 | Bailey   | Noticed an orc knight
 12582 | Bailey   | Noticed a sun demon
 12583 | Bailey   | Paralysed by an orc sorcerer for 2 turns
 12586 | Bailey   | Killed an orc sorcerer
 12591 | Bailey   | Killed an orc knight
 12592 | Bailey   | Reached skill level 18 in Fighting
 12761 | Bailey   | Identified the +5 hand crossbow of Rudihosi {elec, rElec}
 12770 | Bailey   | Identified the +2 scale mail "Moram" {+Inv Int+4 Dex-5}
 12772 | Bailey   | Identified the +1 robe "Teesm" {Str+4}
 13012 | Bailey   | Acquired a manual of Armour
 13196 | D:10     | Reached skill level 2 in Armour
 13198 | D:10     | Reached skill level 3 in Armour
 13367 | D:10     | Noticed Josephine
 13377 | D:10     | Killed Josephine
 13378 | D:10     | Reached skill level 5 in Armour
 13386 | D:10     | Reached skill level 6 in Armour
 13804 | D:10     | Reached skill level 7 in Armour
 14182 | D:10     | HP: 21/109 [something (9)]
 14552 | Lair:1   | Entered Level 1 of the Lair of Beasts
 14570 | Lair:1   | Reached skill level 8 in Armour
 14620 | Lair:1   | Noticed Prince Ribbit
 14630 | Lair:1   | Reached skill level 9 in Armour
 14649 | D:8      | Gained mutation: A demonic guardian rushes to your aid.
                  | [demonic ancestry]
 14649 | D:8      | Reached XP level 12. HP: 34/116 MP: 12/12
 14930 | Lair:1   | Reached skill level 10 in Armour
 14935 | Lair:1   | Killed Prince Ribbit
 15123 | Lair:1   | Reached skill level 11 in Armour
 15136 | Lair:1   | Reached ***** piety under Trog
 15142 | Lair:1   | HP: 27/116 [yak (8)]
 15148 | Lair:1   | Reached skill level 12 in Armour
 15466 | Lair:1   | You pick up a book of Necromancy {forbidden} and begin
                  | reading...
 15466 | Lair:1   | You add the spells Necrotize, Vampiric Draining and Agony
                  | to your library.
 16450 | Lair:1   | Reached skill level 13 in Armour
 17365 | Lair:2   | HP: 43/174 [blink frog (8)]
 17368 | Lair:2   | HP: 16/116 [poisoned by a cane toad]
 17369 | Lair:2   | HP: 5/116 [blink frog (9)]
 17370 | Lair:2   | HP: 2/116 [poisoned by a cane toad]
 17382 | Lair:2   | HP: 29/116 [komodo dragon (14)]
 17386 | Lair:2   | Reached skill level 14 in Armour
 17893 | Lair:2   | Reached XP level 13. HP: 100/122 MP: 13/13
 19424 | Lair:3   | Noticed Sonja
 19434 | Lair:3   | Killed Sonja
 19435 | Lair:3   | Reached skill level 15 in Armour
 20122 | Lair:3   | Noticed Amaemon
 20136 | Lair:3   | Killed Amaemon
 20140 | Lair:3   | HP: 43/183 [poisoned by Amaemon]
 20145 | Lair:3   | HP: 21/122 [poisoned by Amaemon]
 20146 | Lair:3   | HP: 7/122 [orange demon[Amaemon] (4)]
 20546 | Lair:3   | Reached skill level 1 in Maces & Flails
 20555 | Lair:3   | Reached skill level 2 in Maces & Flails
 20691 | Lair:3   | Reached skill level 3 in Maces & Flails
 20840 | Lair:3   | Found a hole to the Spider Nest.
 21368 | Lair:4   | Reached skill level 4 in Maces & Flails
 21819 | Lair:4   | Reached skill level 5 in Maces & Flails
 21858 | Lair:4   | Identified the +4 chain mail of Syguarie {Will- Int+2
                  | Stlth+}
 22200 | Lair:4   | Found a staircase to the Shoals.
 22745 | Lair:4   | Reached skill level 6 in Maces & Flails
 23346 | Lair:4   | Reached skill level 7 in Maces & Flails
 24118 | Lair:4   | Gained mutation: When seriously injured, your blood forms
                  | thick armour. (AC +12) [demonic ancestry]
 24118 | Lair:4   | Reached XP level 14. HP: 130/130 MP: 14/14
 24228 | Lair:4   | Reached skill level 8 in Maces & Flails
 24448 | Lair:4   | Reached skill level 9 in Maces & Flails
 25406 | Lair:5   | Reached skill level 10 in Maces & Flails
 26178 | Lair:5   | Reached skill level 11 in Maces & Flails
 26267 | Lair:5   | Noticed Tynuabry's ghost (journeyman DECj)
 26268 | Lair:5   | Found a transporter.
 26374 | Lair:5   | Found a transporter.
 26847 | Lair:6   | Entered Level 6 of the Lair of Beasts
 26863 | Lair:6   | Found a staircase to the Slime Pits.
 27212 | D:10     | You pick up a book of the Dragon {forbidden} and begin
                  | reading...
 27212 | D:10     | You add the spells Cause Fear, Dragon Form and Dragon's
                  | Call to your library.
 27353 | D:11     | Found a staircase to the Orcish Mines.
 29327 | D:12     | Gained mutation: You have an increased reservoir of magic.
                  | (+10% MP) [potion of mutation]
 29973 | D:13     | Gained mutation: Your demonic aura often causes spilled
                  | blood to erupt in flames. [demonic ancestry]
 29973 | D:13     | Reached XP level 15. HP: 125/138 MP: 16/16
 29981 | D:13     | Reached skill level 19 in Fighting
 30148 | D:13     | Found a gate to the Vaults.
 30181 | D:13     | HP: 32/139 [vault guard/+1 war axe (5)]
 30182 | D:13     | HP: 9/139 [poisoned by a vault guard]
 30187 | D:13     | HP: 15/139 [vault guard/+0 halberd (10)]
 31054 | D:13     | Identified the +1 scale mail of Exclusion {rF+ rCorr Int+4
                  | Dex-4}
 31363 | D:14     | HP: 52/211 [skeletal warrior/+0 trident (4)]
 31742 | D:14     | You pick up a book of Alchemy {forbidden} and begin
                  | reading...
 31742 | D:14     | You add the spells Sublimation of Blood, Petrify and
                  | Irradiate to your library.
 31799 | D:14     | Reached skill level 20 in Fighting
 31808 | D:14     | Reached skill level 1 in Shields
 31878 | D:14     | HP: 21/141 [white ugly thing (35)]
 31882 | D:14     | HP: 7/211 [white ugly thing (19)]
 31889 | D:14     | HP: 6/141 [centaur/arrow[a centaur warrior] (5)]
 31894 | D:14     | Reached skill level 2 in Shields
 32063 | D:14     | Reached skill level 3 in Shields
 32161 | D:14     | Identified the +1 war axe of the Smoking Gods {chaos, rElec
                  | rN+ Int+6}
 32165 | D:14     | Paralysed by a hornet for 1 turns
 32311 | D:15     | Entered Level 15 of the Dungeon
 32429 | D:15     | Reached skill level 4 in Shields
 32558 | D:15     | Lost mutation: You have an increased reservoir of magic.
                  | (+10% MP) [potion of mutation]
 32558 | D:15     | Gained mutation: Your flesh is heat resistant. (rF+)
                  | [potion of mutation]
 32558 | D:15     | Gained mutation: You are resistant to electric shocks.
                  | (rElec) [potion of mutation]
 32644 | D:15     | You pick up a book of Winter {forbidden} and begin
                  | reading...
 32644 | D:15     | You add the spells Ozocubu's Armour, Metabolic Englaciation
                  | and Simulacrum to your library.
 32924 | D:15     | You pick up a book of Decay {forbidden} and begin
                  | reading...
 32924 | D:15     | You add the spells Corpse Rot, Dispel Undead and Death
                  | Channel to your library.
 32991 | D:15     | Reached skill level 5 in Shields
 33214 | D:8      | Bought +0 gold dragon scales for 1040 gold pieces
 33226 | D:8      | You finish putting on your +0 gold dragon scales {rare}.
 33323 | D:11     | your +0 gold dragon scales {rare} glow green for a moment.
 33418 | D:13     | your +1 gold dragon scales {rare} glow green for a moment.
 33419 | D:13     | your +2 gold dragon scales {rare} glow green for a moment.
 33420 | D:13     | your +3 gold dragon scales {rare} glow green for a moment.
 33659 | D:15     | You pick up a book of Dreams {forbidden} and begin
                  | reading...
 33659 | D:15     | You add the spells Ensorcelled Hibernation, Spider Form and
                  | Anguish to your library.
 33695 | D:15     | You pick up a book of the Tundra {forbidden} and begin
                  | reading...
 33695 | D:15     | You add the spells Hailstorm and Ice Form to your library.
 33702 | D:15     | Found a staircase to the Depths.
 33974 | D:15     | Reached skill level 6 in Shields
 34556 | Spider:1 | Entered Level 1 of the Spider Nest
 34586 | Spider:1 | Noticed Donald
 34597 | Spider:1 | Killed Donald
 35161 | Spider:1 | Identified the +3 robe of Poor Excuses {Dex+6}
 35211 | Spider:1 | Reached skill level 7 in Shields
 35812 | Spider:2 | Gained mutation: A powerful demonic guardian rushes to your
                  | aid. [demonic ancestry]
 35812 | Spider:2 | Reached XP level 16. HP: 140/148 MP: 0/16
 35924 | Spider:2 | Reached skill level 16 in Armour
 36110 | Spider:2 | Reached skill level 8 in Shields
 36115 | Spider:2 | Identified the +11 demon blade of the Endless Expanse
                  | {flame, rCorr Dex+2} (Trog gifted it to you on level 2 of
                  | the Spider Nest)
 36115 | Spider:2 | Received a gift from Trog
 36587 | Spider:2 | Reached skill level 9 in Shields
 37127 | Spider:3 | Noticed Aizul
 37145 | Spider:3 | Killed Aizul
 37410 | Spider:3 | Noticed Mlioglotl
 37421 | Spider:3 | Killed Mlioglotl
 38418 | Spider:3 | Reached skill level 10 in Shields
 38430 | Spider:3 | Noticed Arachne
 38448 | Spider:3 | Killed Arachne
 38488 | Spider:3 | Found a runed translucent gate.
 38488 | Spider:3 | Found a runed translucent gate.
 38488 | Spider:3 | Found a runed translucent gate.
 38496 | Spider:3 | Could not pick up a +0 triple sword {longrare=g} here;
                  | ([A]lways) ignore it?
 38496 | Spider:3 | Could not pick up a +0 triple sword {longrare=g} here;
                  | ([A]lways) ignore it?
 38519 | Spider:3 | Noticed Phlounder's ghost (adept DjCj)
 39233 | Spider:3 | Paralysed by a hornet for 3 turns
 39610 | Spider:3 | Noticed Nikola
 39619 | Spider:3 | Killed Nikola
 39875 | Spider:4 | Entered Level 4 of the Spider Nest
 39934 | Spider:4 | Reached skill level 11 in Shields
 39937 | Spider:4 | HP: 36/148 [poisoned by a redback]
 39942 | Spider:4 | HP: 33/148 [poisoned by a redback]
 39966 | Spider:4 | HP: 55/222 [emperor scorpion (3)]
 40098 | Spider:4 | HP: 32/148 [wolf spider (9)]
 40104 | Spider:4 | Reached skill level 17 in Armour
 40151 | Spider:4 | Gained mutation: Your presence sometimes corrodes those you
                  | injure. [demonic ancestry]
 40151 | Spider:4 | Reached XP level 17. HP: 89/155 MP: 17/17
 40174 | Spider:4 | Reached skill level 12 in Shields
 41294 | Spider:1 | your +4 gold dragon scales {rare} glow green for a moment.
 41455 | Spider:1 | magus.rc [v1.9.6]
 41871 | Spider:4 | You pick up a book of Touch {forbidden} and begin
                  | reading...
 42491 | Spider:4 | You pick up a book of Air {forbidden} and begin reading...
 42491 | Spider:4 | You add the spells Shock, Swiftness and Airstrike to your
                  | library.
 42492 | Spider:4 | Identified the +2 hat of Greater Demons {Dex+6}
 42516 | Spider:4 | Got a gossamer rune of Zot
 42838 | Shoals:1 | Entered Level 1 of the Shoals
 42953 | Shoals:1 | Reached skill level 2 in Dodging
 42955 | Shoals:1 | Received a gift from Trog
 43125 | Shoals:1 | Reached skill level 13 in Shields
 43260 | Shoals:1 | Noticed Frances
 43273 | Shoals:1 | Killed Frances
 43968 | Shoals:2 | Reached skill level 3 in Dodging
 44345 | Shoals:2 | Noticed a kraken
 44359 | Shoals:2 | Killed a kraken
 44562 | Shoals:2 | Upgraded the game from 0.29-a0-559-g359e09b9d1 to
                  | 0.29-a0-563-g64e4043184
 44562 | Shoals:2 | magus.rc [v1.9.6]
 44837 | Shoals:2 | Found Kumev's Mass Market.
 44866 | Shoals:2 | Noticed a kraken
 44878 | Shoals:2 | Killed a kraken
 45320 | Shoals:3 | Reached skill level 4 in Dodging
 45821 | Shoals:3 | You add the spells Summon Forest, Eringya's Noxious Bog and
                  | Summon Hydra to your library.
 45837 | Shoals:3 | Reached skill level 5 in Dodging
 46187 | Shoals:3 | Received a gift from Trog
 46588 | Shoals:4 | Entered Level 4 of the Shoals
 46625 | Shoals:4 | Reached skill level 6 in Dodging
 46847 | Shoals:4 | Reached skill level 18 in Armour
 46847 | Shoals:4 | Reached XP level 18. HP: 133/162 MP: 18/18
 46911 | Shoals:4 | HP: 38/162 [faun/+0 club[a satyr] (9)]
 46912 | Shoals:4 | HP: 8/162 [merfolk aquamancer/shard of ice (25)]
 46918 | Shoals:4 | HP: 38/162 [faun/sling bullet (9)]
 46919 | Shoals:4 | Reached skill level 7 in Dodging
 46926 | Shoals:4 | HP: 35/243 [merfolk javelineer/silver javelin[the player
                  | character] (14)]
 46933 | Shoals:4 | HP: 21/162 [water nymph/the raging water (4)]
 46940 | Shoals:4 | HP: 19/162 [merfolk/+0 trident (6)]
 47356 | Shoals:4 | Reached skill level 8 in Dodging
 47817 | Shoals:4 | Got a barnacled rune of Zot
 47830 | Shoals:4 | Received a gift from Trog
 47832 | Shoals:4 | Q - a +4 eveningstar {macerare=g}
 48452 | Shoals:4 | Reached skill level 9 in Dodging
 48644 | Shoals:4 | your +5 gold dragon scales {rare} glow green for a moment.
 49245 | Shoals:4 | You pick up a book of Fire {forbidden} and begin reading...
 49245 | Shoals:4 | You add the spells Fireball, Starburst and Ignition to your
                  | library.
 49292 | Shoals:4 | Reached skill level 10 in Dodging
 49293 | Shoals:4 | Identified the +2 hunting sling of the Shining Light
                  | {speed, rN+++ Stlth-}
 50096 | Vaults:1 | Entered Level 1 of the Vaults
 50266 | Vaults:1 | Reached skill level 11 in Dodging
 50871 | Vaults:1 | Reached skill level 12 in Dodging
 51447 | Vaults:1 | Identified the +9 mace "Decaying Newtbane" {flame, rElec
                  | rF+ rC++ Dex-5} (Trog gifted it to you on level 1 of the
                  | Vaults)
 51447 | Vaults:1 | Received a gift from Trog
 51974 | Vaults:1 | Reached skill level 13 in Dodging
 51974 | Vaults:1 | Reached XP level 19. HP: 148/169 MP: 19/19
 52763 | Vaults:2 | Reached skill level 14 in Dodging
 53354 | Vaults:2 | Noticed a bone dragon
 53356 | Vaults:2 | Found a staircase to the Crypt.
 53371 | Vaults:2 | Killed a bone dragon
 53612 | Vaults:2 | You add the spells Malign Gateway and Summon Horrible
                  | Things to your library.
 53647 | Vaults:3 | Identified the +10 flail "Hyimeh" {flame, Contam *Rage
                  | rElec rC+++ Str+4} (Trog gifted it to you on level 3 of the
                  | Vaults)
 53647 | Vaults:3 | Received a gift from Trog
 53663 | Vaults:3 | Reached skill level 15 in Dodging
 53800 | Vaults:3 | your +4 eveningstar {macerare=g} crackles with electricity.
 53800 | Vaults:3 | Q - a +4 eveningstar of electrocution {macerare=g}
 53801 | Vaults:3 | Q - a +4 eveningstar of electrocution (weapon) {macerare=g}
 53838 | Vaults:3 | Reached skill level 12 in Maces & Flails
 53990 | Vaults:3 | Found a magical portal.
 54536 | Vaults:3 | You pick up a book of Chaos {forbidden} and begin
                  | reading...
 54536 | Vaults:3 | You add the spells Conjure Ball Lightning, Disjunction and
                  | Discord to your library.
 54691 | Vaults:3 | Found a huge runed gate.
 54691 | Vaults:3 | Found a huge runed gate.
 54691 | Vaults:3 | Found a huge runed gate.
 54691 | Vaults:3 | Found a huge runed gate.
 54691 | Vaults:3 | Found a huge runed gate.
 54691 | Vaults:3 | Found a huge runed gate.
 54691 | Vaults:3 | Found a huge runed gate.
 54693 | Vaults:3 | Found a huge runed gate.
 54693 | Vaults:3 | Found a huge runed gate.
 54693 | Vaults:3 | Found a huge runed gate.
 54694 | Vaults:3 | Found a huge runed gate.
 54694 | Vaults:3 | Found a huge runed gate.
 54695 | Vaults:3 | Found a huge runed gate.
 54696 | Vaults:3 | Found a huge runed gate.
 54697 | Vaults:3 | Found a huge runed gate.
 54698 | Vaults:3 | Found a huge runed gate.
 54699 | Vaults:3 | Found a huge runed gate.
 54707 | Vaults:3 | Found a huge runed gate.
 54707 | Vaults:3 | Found a huge runed gate.
 54707 | Vaults:3 | Found a huge runed gate.
 54707 | Vaults:3 | Found a huge runed gate.
 54707 | Vaults:3 | Found a huge runed gate.
 54707 | Vaults:3 | Found a huge runed gate.
 54708 | Vaults:3 | Found a huge runed gate.
 54722 | Vaults:3 | Found a huge runed gate.
 54723 | Vaults:3 | Found a huge runed gate.
 54795 | Vaults:3 | Found a huge runed gate.
 54795 | Vaults:3 | Found a huge runed gate.
 54795 | Vaults:3 | Found a huge runed gate.
 54842 | Vaults:3 | your +4 eveningstar of electrocution {macerare=g} glows red
                  | for a moment.
 54943 | Vaults:3 | Found a huge runed gate.
 54944 | Vaults:3 | Found a huge runed gate.
 54945 | Vaults:3 | Found a huge runed gate.
 54945 | Vaults:3 | Found a huge runed gate.
 54945 | Vaults:3 | Found a huge runed gate.
 54946 | Vaults:3 | Found a huge runed gate.
 54951 | Vaults:3 | Found a huge runed gate.
 55051 | Vaults:3 | Noticed a hellephant
 55064 | Vaults:3 | Reached skill level 13 in Maces & Flails
 55070 | Vaults:3 | HP: 47/253 [hell knight/+5 demon trident (22)]
 55073 | Vaults:3 | HP: 12/169 [hell knight/+4 glaive of pain (12)]
 55080 | Vaults:3 | Killed a hellephant
 55391 | Vaults:4 | Paralysed by a great orb of eyes for 2 turns
 55415 | Vaults:4 | Noticed Boris
 55428 | Vaults:4 | Killed Boris
 55465 | Vaults:4 | Noticed Zenata
 55478 | Vaults:4 | Killed Zenata
 55479 | Vaults:4 | Gained mutation: When seriously injured, your blood forms
                  | very thick armour. (AC +12) [demonic ancestry]
 55479 | Vaults:4 | Reached XP level 20. HP: 131/176 MP: 20/20
 55674 | Vaults:4 | You pick up a book of the Earth {forbidden} and begin
                  | reading...
 55711 | Vaults:4 | Reached skill level 14 in Maces & Flails
 55715 | Vaults:4 | Identified the +13 mace "Wuujaipob" {vorpal, Str+4} (Trog
                  | gifted it to you on level 4 of the Vaults)
 55715 | Vaults:4 | Received a gift from Trog
 56395 | Vaults:4 | Reached skill level 15 in Maces & Flails
 56405 | Vaults:4 | Noticed Bai Suzhen
 56440 | Vaults:4 | Killed Bai Suzhen
 56440 | Vaults:4 | HP: 61/264 [purple very ugly thing (7)]
 56451 | Vaults:4 | HP: 42/176 [ironbound thunderhulk/+0 dire flail (7)]
 56457 | Vaults:4 | HP: 25/176 [ironbound thunderhulk/bolt of lightning (7)]
 57189 | Vaults:4 | You add the spells Sting, Poisonous Vapours and Freezing
                  | Cloud to your library.
 57189 | Vaults:4 | Got Josikij's Volume of Poisoning and Ice {forbidden}
 57297 | Vaults:5 | Entered Level 5 of the Vaults
 57303 | Vaults:5 | Noticed a dread lich
 58198 | Vaults:4 | Paralysed by a dread lich for 5 turns
 58200 | Vaults:4 | Killed a dread lich
 58217 | Vaults:4 | Reached skill level 21 in Fighting
 59016 | Vaults:5 | Noticed a dread lich
 59024 | Vaults:5 | Paralysed by something for 2 turns
 59047 | Vaults:4 | Killed a dread lich
 59048 | Vaults:4 | HP: 42/180 [constriction (8)]
 59510 | Vaults:4 | Gained mutation: Your presence sometimes corrodes or
                  | deforms those you injure. [demonic ancestry]
 59510 | Vaults:4 | Reached XP level 21. HP: 123/188 MP: 21/21
 59929 | Vaults:4 | Reached skill level 22 in Fighting
 60544 | Vaults:5 | Noticed a golden dragon
 61687 | Vaults:4 | Killed a golden dragon
 61687 | Vaults:4 | Identified +0 gold dragon scales
 62031 | Vaults:5 | Noticed an ancient lich
 62036 | Vaults:4 | Received a gift from Trog
 62313 | Vaults:4 | Killed an ancient lich
 62314 | Vaults:4 | Reached skill level 23 in Fighting
 62756 | Vaults:5 | Gained mutation: You are clumsy. (Dex -2) [a shining eye]
 62760 | Vaults:5 | Paralysed by a floating eye for 2 turns
 62973 | Vaults:5 | You pick up a book of Winter {forbidden} and begin
                  | reading...
 62998 | Vaults:5 | Noticed a golden dragon
 62999 | Vaults:5 | Noticed a golden dragon
 63015 | Vaults:5 | Killed a golden dragon
 63023 | Vaults:5 | Killed a golden dragon
 63023 | Vaults:5 | Identified +0 gold dragon scales
 63025 | Vaults:5 | +0 gold dragon scales {rare}; a golden dragon corpse
 63308 | Vaults:5 | +0 gold dragon scales {rare}; a golden dragon skeleton
 63322 | Vaults:5 | You pick up a book of Conjurations {forbidden@e2} and begin
                  | reading...
 63322 | Vaults:5 | You add the spells Magic Dart, Searing Ray and Fulminant
                  | Prism to your library.
 63360 | Vaults:5 | You pick up a book of Storms {forbidden} and begin
                  | reading...
 63360 | Vaults:5 | You add the spells Summon Lightning Spire and Lightning
                  | Bolt to your library.
 63708 | Vaults:5 | You pick up a book of Displacement {forbidden} and begin
                  | reading...
 63713 | Vaults:5 | You pick up a book of Annihilations {forbidden} and begin
                  | reading...
 63713 | Vaults:5 | You add the spells Chain Lightning, Fire Storm and Shatter
                  | to your library.
 63722 | Vaults:5 | Noticed a golden dragon
 63732 | Vaults:5 | Killed a golden dragon
 63814 | Vaults:5 | Got a silver rune of Zot
 63821 | Vaults:5 | You pick up a book of Cantrips {forbidden} and begin
                  | reading...
 63821 | Vaults:5 | You add the spells Summon Small Mammal and Apportation to
                  | your library.
 63873 | Vaults:5 | You add the spells Inner Flame and Call Canine Familiar to
                  | your library.
 63873 | Vaults:5 | Got Sorcery Continued {forbidden}
 64012 | Vaults:5 | Noticed a golden dragon
 64022 | Vaults:5 | Killed a golden dragon
 64103 | Vaults:5 | Reached skill level 24 in Fighting
 64118 | Vaults:5 | You pick up a book of Conjurations {forbidden@e2} and begin
                  | reading...
 64284 | Vaults:5 | Got the Almanac of Toxic Cold {forbidden}
 65162 | Depths:1 | Entered Level 1 of the Depths
 65802 | Depths:1 | Reached XP level 22. HP: 94/204 MP: 22/22
 66084 | Depths:1 | Found the ring of the Tortoise {AC+8}
 66214 | Depths:1 | Found a gateway to Hell.
 66290 | Depths:1 | Found Atwag's Book Shop.
 66560 | Depths:1 | Found an iron altar of Okawaru.
 66567 | Depths:1 | Received a gift from Trog
 66635 | Depths:2 | Reached skill level 25 in Fighting
 66675 | Depths:2 | Found Sopipt's Weapon Shoppe.
 67123 | Depths:2 | Found a one-way gate leading to the halls of Pandemonium.
 67389 | Depths:2 | Noticed a golden dragon
 67398 | Depths:2 | Killed a golden dragon
 67405 | Depths:2 | Reached skill level 16 in Dodging
 67447 | Depths:2 | Noticed a juggernaut
 67459 | Depths:2 | Killed a juggernaut
 67935 | Depths:2 | Reached ****** piety under Trog
 68315 | Depths:2 | Received a gift from Trog
 68641 | Depths:3 | Found a one-way gate to the infinite horrors of the Abyss.
 68703 | Depths:3 | You pick up a book of the Spheres {forbidden} and begin
                  | reading...
 68703 | Depths:3 | You add the spells Iskenderun's Battlesphere and Orb of
                  | Destruction to your library.
 68761 | Depths:3 | Noticed Xtahua
 68770 | Depths:3 | Paralysed by Xtahua for 2 turns
 68773 | Depths:3 | Killed Xtahua
 68884 | Depths:3 | quicksilver dragon scales {rare}; a quicksilver dragon
                  | corpse
 68932 | Depths:3 | Noticed Frederick
 68941 | Depths:3 | Killed Frederick
 69134 | Depths:3 | Identified the +12 falchion of Ambiguity {drain, +Blink
                  | rPois Str+3}
 69134 | Depths:3 | Noticed Boris
 69148 | Depths:3 | Killed Boris
 69477 | Depths:3 | Reached skill level 17 in Dodging
 69484 | Depths:3 | +0 shadow dragon scales {rare}; a shadow dragon corpse
 69496 | Depths:3 | Noticed a caustic shrike
 69507 | Depths:3 | Killed a caustic shrike
 69601 | Depths:3 | Noticed a caustic shrike
 69609 | Depths:3 | Killed a caustic shrike
 69619 | Depths:3 | Noticed a golden dragon
 69633 | Depths:3 | Killed a golden dragon
 69974 | Depths:3 | +0 storm dragon scales {rare}; a storm dragon skeleton
 70937 | Depths:4 | Entered Level 4 of the Depths
 71040 | Depths:4 | Gained mutation: You can speak a Word of Chaos. [demonic
                  | ancestry]
 71040 | Depths:4 | Reached XP level 23. HP: 215/215 MP: 23/23
 71062 | Depths:4 | Found a gate to the Realm of Zot.
 71078 | Depths:4 | +0 storm dragon scales {rare}; a storm dragon corpse
 71081 | Depths:4 | Received a gift from Trog
 71085 | Depths:4 | Reached skill level 26 in Fighting
 71096 | Depths:4 | a +9 vorpal eveningstar {macerare=g}; +0 storm dragon
                  | scales {rare}; a storm dragon corpse
 71100 | Depths:4 | a - a +9 vorpal eveningstar {macerare=g}
 71100 | Depths:4 | +0 storm dragon scales {rare}; a storm dragon corpse
 71101 | Depths:4 | b - +0 storm dragon scales {rare}
 71102 | Depths:4 | You drop +0 storm dragon scales {rare}.
 71103 | Depths:4 | your +5 eveningstar of electrocution {macerare=g} stops
                  | crackling.
 71103 | Depths:4 | a - a +9 vorpal eveningstar (weapon) {macerare=g}
 71389 | Depths:4 | +0 storm dragon scales {rare}; a storm dragon skeleton
 71421 | Depths:4 | Reached skill level 18 in Dodging
 71491 | Depths:4 | Found a broken altar of Ashenzari.
 71503 | Depths:4 | Paralysed by a vampire knight for 4 turns
 71794 | Depths:4 | Found a one-way gateway to a ziggurat.
 71809 | Depths:4 | Found Suvozen's Book Shoppe.
 71809 | Depths:4 | Found Ehuc's Weapon Emporium.
 71809 | Depths:4 | Noticed a caustic shrike
 71809 | Depths:4 | Noticed a caustic shrike
 71809 | Depths:4 | Noticed a caustic shrike
 71810 | Depths:4 | Noticed a caustic shrike
 71810 | Depths:4 | Noticed a caustic shrike
 71815 | Depths:4 | Killed a caustic shrike
 71820 | Depths:4 | Killed a caustic shrike
 71823 | Depths:4 | Killed a caustic shrike
 71826 | Depths:4 | Killed a caustic shrike
 71830 | Depths:4 | Killed a caustic shrike
 71866 | Depths:4 | Noticed Saint Roka
 71877 | Depths:4 | HP: 42/217 [Saint Roka/divine providence (15)]
 71877 | Depths:4 | Killed Saint Roka
 72568 | Depths:4 | Noticed a juggernaut
 72577 | Depths:4 | Killed a juggernaut
 72631 | Depths:4 | Noticed Jory
 72640 | Depths:4 | Killed Jory
 72785 | Zot:1    | Entered Level 1 of the Realm of Zot
 72824 | Zot:1    | Reached skill level 27 in Fighting
 73336 | Zot:1    | Received a gift from Trog
 73355 | Zot:1    | Identified +0 gold dragon scales
 74040 | Vaults:5 | your +6 gold dragon scales {rare} glow green for a moment.
 74513 | Spider:4 | your +7 gold dragon scales {rare} glow green for a moment.
 75035 | Zot:2    | Identified +0 gold dragon scales
 75374 | Zot:1    | Reached skill level 19 in Armour
 75435 | Zot:1    | You add the spells Blink, Manifold Assault and Storm Form
                  | to your library.
 75956 | Zot:2    | You pick up a book of Dreams {forbidden} and begin
                  | reading...
 76225 | Zot:2    | Identified the +4 scale mail "Puenick" {rN+ Dex+10}
 76480 | Zot:2    | You pick up a book of Blood {forbidden} and begin
                  | reading...
 76646 | Zot:3    | Identified +0 gold dragon scales
 76653 | Zot:3    | +0 gold dragon scales {rare}; a golden dragon corpse
 76658 | Zot:3    | Received a gift from Trog
 76796 | Zot:3    | +0 gold dragon scales {rare}; a golden dragon corpse
 76815 | Zot:3    | Identified the amulet of Tempters {RegenMP rPois rN+ Str+2}
 76817 | Zot:3    | You drop a +5 eveningstar of electrocution {macerare=g}.
 76831 | Zot:3    | Could not pick up a +5 eveningstar of electrocution
                  | {macerare=g} here; ([A]lways) ignore it?
 76831 | Zot:3    | Could not pick up a +5 eveningstar of electrocution
                  | {macerare=g} here; ([A]lways) ignore it?
 76831 | Zot:3    | Could not pick up a +5 eveningstar of electrocution
                  | {macerare=g} here; ([A]lways) ignore it?
 76831 | Zot:3    | Could not pick up a +5 eveningstar of electrocution
                  | {macerare=g} here; ([A]lways) ignore it?
 76921 | Zot:3    | Reached XP level 24. HP: 199/227 MP: 23/23
 76923 | Zot:3    | Reached skill level 20 in Armour
 76961 | Zot:3    | HP: 80/340 [titan/bolt of lightning (13)]
 76969 | Zot:3    | HP: 66/340 [fire giant/+2 great sword of flaming (3)]
 76975 | Zot:3    | HP: 50/339 [ettin/+0 dire flail (2)]
 76987 | Zot:3    | HP: 20/211 [iron troll (16)]
 76987 | Zot:3    | Slain by a frost giant

Vanquished Creatures
  A dread lich (Vaults:4)
  An ancient lich (Vaults:4)
  2 juggernauts
  Boris (twice) (Vaults:4 Depths:3)
  Frederick (Depths:3)
  Xtahua (Depths:3)
  Bai Suzhen (Vaults:4)
  3 caustic shrikes
  Nikola (Spider:3)
  10 golden dragons
  A bone dragon (Vaults:2)
  Jory (Depths:4)
  Arachne (Spider:3)
  11 tentacled monstrosities
  2 hellephants (Depths:2)
  3 walking crystal tomes
  Zenata (Vaults:4)
  8 titans
  A walking earthen tome (Depths:4)
  2 liches
  Mlioglotl (Spider:3)
  7 quicksilver dragons
  2 death cobs (Zot:1)
  Frances (Shoals:1)
  6 krakens
  6 shadow dragons
  10 storm dragons
  9 tengu reavers
  2 sphinxes
  3 draconian monks
  A fire giant (shapeshifter) (Vaults:5)
  Donald (Spider:1)
  3 draconian knights
  15 fire giants
  11 frost giants
  A deep elf sorcerer (Vaults:4)
  7 emperor scorpions
  12 vault wardens
  An orc warlord (Vaults:2)
  Aizul (Spider:3)
  3 ghost moths
  3 iron dragons
  A draconian shifter (Zot:1)
  4 spriggan defenders
  2 draconian annihilators
  13 ironbound preservers
  20 stone giants
  A war gargoyle (Vaults:2)
  20 very ugly things
  2 vampire knights
  A juggernaut skeleton (Depths:2)
  8 ironbound thunderhulks
  5 green draconians
  6 dire elephants
  2 deep elf annihilators (Vaults:4)
  4 red draconians
  6 white draconians
  2 yellow draconians (Zot:1)
  3 black draconians
  3 purple draconians
  6 spark wasps
  8 entropy weavers
  3 crystal guardians
  2 deep elf death magi (Vaults:4)
  15 ettins
  A merfolk javelineer (Shoals:4)
  A jiangshi (Depths:4)
  Josephine (D:10)
  12 merfolk impalers
  15 yaktaur captains
  12 fire dragons
  3 deep elf high priests (Vaults:5)
  5 great orbs of eyes
  27 vault guards
  11 boulder beetles
  Erolcha (D:9)
  6 hydras
  4 peacekeepers
  5 spriggan air magi
  12 ice dragons
  12 ironbound frosthearts
  12 centaur warriors
  4 two-headed ogres
  An alligator snapping turtle (Shoals:4)
  5 radroaches
  An anaconda (Lair:4)
  5 merfolk avatars
  4 vampire magi
  5 tengu warriors
  4 merfolk aquamancers
  A satyr (shapeshifter) (Vaults:4)
  5 deep troll shamans
  6 satyrs
  7 hell hogs (Depths:2)
  3 spriggan berserkers
  6 deep troll earth magi
  17 hell knights
  Sonja (Lair:3)
  3 skeletal warriors (D:14)
  9 sea snakes
  2 sun moths (Spider:2)
  Amaemon (Lair:3)
  7 iron trolls
  4 pharaoh ants
  6 steelbarb worms
  3 glowing orange brains
  58 deep trolls
  A death drake (shapeshifter) (Vaults:4)
  8 lindwurms
  16 harpies
  4 wizards
  An obsidian statue (Vaults:2)
  9 orb spiders
  2 deep elf pyromancers
  12 wolf spiders
  A harpy (shapeshifter) (D:11)
  Pikel (D:7)
  8 phantasmal warriors
  18 ironbound convokers
  7 necromancers
  An orc sorcerer (Bailey)
  5 orc knights
  23 fauns
  22 ugly things
  9 cyclopes
  12 manticores
  17 moths of wrath
  2 merfolk sirens
  13 elephants
  An apocalypse crab (Shoals:2)
  14 vault sentinels
  Joseph (D:8)
  5 torpor snails
  3 water nymphs
  8 black mambas
  7 demonic crawlers
  16 cane toads
  A hellion (Vaults:3)
  2 rime drakes
  2 unseen horrors (D:10)
  2 kobold demonologists
  34 yaktaurs
  An efreet (Zot:3)
  15 komodo dragons
  2 tengu conjurers
  2 polar bears
  2 ice devils (D:11)
  A meliai (Spider:3)
  A polar bear (shapeshifter) (Vaults:5)
  Prince Ribbit (Lair:1)
  3 trolls
  4 wind drakes
  A hornet (shapeshifter) (D:14)
  17 tarantellas
  15 hornets
  23 merfolk
  A spriggan zombie (Depths:2)
  A snapping turtle (shapeshifter) (Vaults:5)
  7 snapping turtles
  44 blink frogs
  14 slime creatures
  26 dream sheep
  22 culicivoras
  33 jumping spiders
  19 water elementals
  6 spriggans
  A spriggan (shapeshifter) (Depths:3)
  2 shadows (D:11)
  A vampire (D:12)
  7 wraiths
  3 wyverns
  4 basilisks
  49 yaks
  A yak (shapeshifter) (Vaults:5)
  A redback simulacrum (D:15)
  12 vampire mosquitoes
  42 redbacks
  A steam dragon (D:9)
  4 wargs
  13 water moccasins
  Duvessa (D:7)
  18 orc warriors
  Pargi (D:4)
  5 black bears
  5 ice beasts
  2 ogres
  16 wolves
  9 centaurs
  A lemure (D:7)
  2 phantoms
  13 bullfrogs
  4 kobold brigands
  2 gnoll sergeants (D:9)
  2 scorpions
  A glowing shapeshifter simulacrum (Depths:2)
  8 wights
  Dowan (D:7)
  7 killer bees
  8 howler monkeys
  14 electric eels
  3 jellies
  2 orc priests
  A hound (D:6)
  A gnoll shaman (D:7)
  Jessica (D:2)
  4 hell rats (Lair:5)
  10 iguanas
  9 orc wizards
  A boggart simulacrum (D:14)
  Robin (D:2)
  19 gnolls
  17 adders
  2 shadow imps (D:7)
  3 white imps
  3 ufetubi
  4 worms
  2 dart slugs
  40 orcs
  3 bats
  16 endoplasms
  5 giant cockroaches
  20 goblins
  10 hobgoblins
  4 quokkas
  8 ball pythons
  4 frilled lizards
  18 kobolds
  4 rats (D:1)
  A spectral kobold (D:1)
  9 tentacles
1640 creatures vanquished.

Vanquished Creatures (collateral kills)
  A dread lich (Vaults:4)
  4 caustic shrikes
  Saint Roka (Depths:4)
  2 golden dragons
  A hellephant (Vaults:3)
  A titan (Vaults:4)
  An emperor scorpion (Spider:4)
  A fire giant (Zot:3)
  A vault warden (Vaults:4)
  A ghost moth (Spider:3)
  A draconian stormcaller (Zot:1)
  An ironbound thunderhulk (Vaults:4)
  A yellow draconian (Zot:2)
  2 dire elephants (Vaults:3)
  2 spark wasps (Spider:4)
  An ettin (Vaults:4)
  A jiangshi (Depths:4)
  A yaktaur captain (Vaults:4)
  A merfolk impaler (Shoals:4)
  A rakshasa (Depths:2)
  5 vault guards
  2 boulder beetles
  An alligator snapping turtle (Shoals:4)
  A centaur warrior (Vaults:1)
  2 two-headed ogres
  A satyr (Shoals:4)
  A merfolk aquamancer (Shoals:4)
  A deep troll earth mage (Depths:2)
  12 hell knights
  2 spriggans (Depths:2)
  2 iron trolls
  A pharaoh ant (Spider:4)
  3 deep trolls
  A steelbarb worm (Spider:4)
  An orc knight (Vaults:2)
  A harpy (Shoals:3)
  4 fauns (Shoals:4)
  A deep elf pyromancer (D:13)
  A necromancer (Depths:2)
  6 wolf spiders (Spider:4)
  A cyclops (Shoals:3)
  2 ugly things
  An elephant (Lair:2)
  A merfolk siren (Shoals:4)
  2 moths of wrath (Zot:3)
  A water nymph (Shoals:4)
  3 black mambas (Lair:4)
  2 cane toads
  2 vault sentinels (Vaults:5)
  An orange demon (Lair:3)
  An efreet (Zot:3)
  2 meliai (Spider:3)
  2 hornets (Depths:2)
  A troll (Zot:3)
  2 wind drakes (Shoals:4)
  3 merfolk (Shoals:4)
  2 blink frogs
  2 snapping turtles (Shoals:4)
  3 dream sheep (Lair:4)
  An iron dragon simulacrum (Depths:2)
  3 jumping spiders
  3 culicivoras (Spider:4)
  A wraith (D:10)
  10 yaks
  8 redbacks (Spider:4)
  A warg (Depths:4)
  2 water moccasins (Lair:4)
  An orc warrior (Depths:4)
  An ogre (Zot:3)
  A centaur (D:14)
  A wolf (Lair:4)
  4 electric eels
  An orc wizard (D:10)
  2 orcs
  2 kobolds (D:11)
  A tentacle (Shoals:4)
152 creatures vanquished.

Vanquished Creatures (others)
  An ogre mage (Vaults:5)
  A wolf spider (Spider:4)
  A manticore (Shoals:4)
  An orc warrior (D:4)
  A gnoll (D:9)
  An orc (D:5)
  3 kobolds (D:9)
  5 bushes (D:14)
  38 fungi
  325 plants
  34 tentacles
411 creatures vanquished.

Grand Total: 2203 creatures vanquished

Table legend:
 A = Non-vault XP
 B = Vault XP
 C = Vault XP percentage of total XP
 D = Non-vault monster count
 E = Vault monster count
 F = Vault count percentage of total count
                 A         B        C        D         E       F
            +---------+---------+-------+---------+---------+-------
      Total |  544318 |  474223 |  46.6 |    1137 |     647 |  36.3
            +---------+---------+-------+---------+---------+-------
        D:1 |      37 |       6 |  14.0 |      21 |       5 |  19.2
        D:2 |     143 |      69 |  32.5 |      26 |      10 |  27.8
        D:3 |      29 |       0 |   0.0 |       8 |       0 |   0.0
        D:4 |     466 |     132 |  22.1 |      21 |       1 |   4.5
        D:5 |     581 |       0 |   0.0 |      18 |       0 |   0.0
        D:6 |    1779 |       0 |   0.0 |      14 |       0 |   0.0
        D:7 |     948 |     814 |  46.2 |      23 |       3 |  11.5
        D:8 |    2126 |    1452 |  40.6 |      23 |       5 |  17.9
        D:9 |    2574 |     871 |  25.3 |      31 |       1 |   3.1
       D:10 |    1971 |    1965 |  49.9 |      13 |      10 |  43.5
       D:11 |    1781 |    6929 |  79.6 |      15 |      27 |  64.3
       D:12 |    1592 |       0 |   0.0 |      15 |       0 |   0.0
       D:13 |    7630 |    6986 |  47.8 |      23 |       8 |  25.8
       D:14 |    8664 |       0 |   0.0 |      18 |       0 |   0.0
       D:15 |   10865 |    2440 |  18.3 |      20 |       4 |  16.7
     Lair:1 |    9582 |    2192 |  18.6 |      44 |       8 |  15.4
     Lair:2 |    9177 |    2523 |  21.6 |      34 |       7 |  17.1
     Lair:3 |    4553 |    4337 |  48.8 |      18 |      14 |  43.8
     Lair:4 |    5619 |   16413 |  74.5 |      25 |      40 |  61.5
     Lair:5 |   10963 |    3154 |  22.3 |      38 |      19 |  33.3
     Lair:6 |    1811 |      90 |   4.7 |       8 |       4 |  33.3
   Shoals:1 |   10749 |    1487 |  12.2 |      23 |       1 |   4.2
   Shoals:2 |   11086 |    1951 |  15.0 |      25 |       2 |   7.4
   Shoals:3 |   23828 |     817 |   3.3 |      48 |       1 |   2.0
   Shoals:4 |   15383 |   29707 |  65.9 |      34 |      41 |  54.7
   Spider:1 |   15866 |    1349 |   7.8 |      37 |       1 |   2.6
   Spider:2 |   22168 |       0 |   0.0 |      58 |       0 |   0.0
   Spider:3 |   16275 |    8514 |  34.3 |      41 |       8 |  16.3
   Spider:4 |   13173 |   21575 |  62.1 |      30 |      43 |  58.9
   Vaults:1 |   34478 |   11855 |  25.6 |      50 |      17 |  25.4
   Vaults:2 |   23790 |   12209 |  33.9 |      32 |      15 |  31.9
   Vaults:3 |   20721 |   30822 |  59.8 |      30 |      39 |  56.5
   Vaults:4 |   31254 |  126165 |  80.1 |      39 |     112 |  74.2
   Vaults:5 |    9573 |   53193 |  84.7 |      12 |      47 |  79.7
   Depths:1 |   31671 |    2228 |   6.6 |      43 |       2 |   4.4
   Depths:2 |   45033 |   20947 |  31.7 |      62 |      15 |  19.5
   Depths:3 |   21963 |   29787 |  57.6 |      21 |      21 |  50.0
   Depths:4 |   46601 |   20324 |  30.4 |      38 |      31 |  44.9
      Zot:1 |   35655 |    4245 |  10.6 |      31 |       3 |   8.8
      Zot:2 |   29662 |       0 |   0.0 |      24 |       0 |   0.0
      Zot:3 |    2498 |   42167 |  94.4 |       3 |      45 |  93.8
     Bailey |       0 |    4508 | 100.0 |       0 |      37 | 100.0
            +---------+---------+-------+---------+---------+-------

Illustrated notes

Table legend:
 A = Kills in this place as a percentage of kills in entire the game.
 B = Kills by you in this place as a percentage of kills by you in the entire game.
 C = Kills by friends in this place as a percentage of kills by friends in the entire game.
 D = Other kills in this place as a percentage of other kills in the entire game.
 E = Experience gained in this place as a percentage of experience gained in the entire game.
 F = Experience gained in this place divided by the number of levels of this place that you have seen.
                   A       B       C       D       E      F
               +-------+-------+-------+-------+-------+----------------------
         Total | 100.0 | 100.0 | 100.0 | 100.0 | 100.0 | 24251.0
       Dungeon |  20.3 |  21.2 |  11.3 |  33.3 |   6.2 | 4190.0
          Lair |  14.5 |  14.5 |  15.2 |   0.0 |   6.9 | 11735.7
        Shoals |   9.8 |   9.5 |  12.6 |  33.3 |   9.3 | 23752.0
   Spider Nest |  12.2 |  11.6 |  19.2 |   0.0 |   9.7 | 24730.0
        Vaults |  22.0 |  22.3 |  18.5 |  33.3 |  34.8 | 70812.0
        Depths |  13.1 |  12.9 |  14.6 |   0.0 |  21.5 | 54638.5
           Zot |   5.9 |   5.8 |   7.9 |   0.0 |  11.2 | 38075.7
        Bailey |   2.1 |   2.2 |   0.7 |   0.0 |   0.4 | 4508.0
               +-------+-------+-------+-------+-------+----------------------

Table legend: (Time is in decaauts)
 A = Elapsed time spent in this place.
 B = Non-inter-level travel time spent in this place.
 C = Inter-level travel time spent in this place.
 D = Time resting spent in this place.
 E = Time spent auto-exploring this place.
 F = Levels seen in this place.
 G = Mean time per level.
                   A        B        C        D        E       F      G
               +--------+--------+--------+--------+--------+-----+--------+
         Total |  77346 |  72319 |   5027 |  12017 |  51294 |  42 | 1841.6 |
       Dungeon |  22547 |  20511 |   2036 |   2128 |  16201 |  15 | 1503.1 |
          Lair |  13072 |  12401 |    671 |    508 |  10574 |   6 | 2178.7 |
        Shoals |   7115 |   6882 |    233 |   1959 |   3881 |   4 | 1778.8 |
   Spider Nest |   8223 |   7570 |    653 |    197 |   6300 |   4 | 2055.8 |
        Vaults |  14898 |  14084 |    814 |   6337 |   5999 |   5 | 2979.6 |
        Depths |   7270 |   6840 |    430 |    548 |   5258 |   4 | 1817.5 |
           Zot |   2740 |   2552 |    188 |    262 |   1833 |   3 |  913.3 |
        Bailey |   1477 |   1477 |      0 |     76 |   1246 |   1 | 1477.0 |
               +--------+--------+--------+--------+--------+-----+--------+

Top non-repeatable levels by time:
Vaults:4: 7363 daAuts
  Lair:4: 4253 daAuts
Spider:3: 3107 daAuts
Shoals:3: 2823 daAuts
  Lair:1: 2619 daAuts
Depths:3: 2321 daAuts
Vaults:5: 2260 daAuts
    D:15: 2258 daAuts
  Lair:2: 2243 daAuts
  Lair:3: 2215 daAuts
Depths:2: 1993 daAuts
Spider:1: 1985 daAuts
     D:9: 1981 daAuts
    D:13: 1970 daAuts
Depths:4: 1869 daAuts
